 Dungeon Crawl Stone Soup version 0.23-a0-61-g4bf3f6c (webtiles) character file.

2 Amnesiac the Conjurer (level 1, 0/13 HPs)
             Began as a Mummy Conjurer on Aug 9, 2018.
             Slain by a rat (2 damage)
             ... on level 1 of the Dungeon.
             The game lasted 00:00:12 (44 turns).

Amnesiac the Conjurer (Mummy Conjurer)                Turns: 44, Time: 00:00:13

Health: 0/13       AC:  2    Str: 11    XL:     1   Next: 33%
Magic:  1/4        EV: 12    Int: 14    God:
Gold:   4          SH:  0    Dex: 12    Spells: 5/6 levels left

rFire    x . .     SeeInvis .   (no weapon)
rCold    + . .     Gourm    .   (no shield)
rNeg     + + +     Faith    .   a - +0 robe
rPois    ∞         Spirit   .   (no helmet)
rElec    .         Reflect  .   (no cloak)
rCorr    .         Harm     .   (no gloves)
MR       .....                  (no boots)
Stlth    ++........             (no amulet)
HPRegen  0.04/turn              (no ring)
MPRegen  0.09/turn              (no ring)

@: no status effects
A: no food or potions, fire vulnerability, cold resistance 1, negative energy
resistance 3, torment resistance, unbreathing
a: no special abilities


You were on level 1 of the Dungeon.
You were not hungry.

You visited 1 branch of the dungeon, and saw 1 of its levels.

You collected 4 gold pieces.

Inventory:

Armour
 a - a +0 robe (worn)


   Skills:
 - Level 1.5 Dodging
 - Level 1.5 Stealth
 + Level 3.0 Spellcasting
 - Level 3.2 Conjurations


You had 5 spell levels left.
You knew the following spells:

 Your Spells              Type           Power        Failure   Level  Hunger
a - Magic Dart            Conj           ##..         5%          1    N/A

Your spell library contained the following spells:

 Spells                   Type           Power        Failure   Level  Hunger
 Iskenderun's Mystic Bla  Conj           ##......     50%         4    N/A
 Fulminant Prism          Conj/Hex       #.........   73%         4    N/A
 Dazzling Spray           Conj/Hex       #.....       32%         3    N/A
 Force Lance              Conj/Tloc      #.......     73%         4    N/A
 Searing Ray              Conj           ##....       9%          2    N/A

Dungeon Overview and Level Annotations

Branches:
Dungeon (1/15)

Altars:


Innate Abilities, Weirdness & Mutations

You do not eat or drink.
Your flesh is vulnerable to fire.
You are immune to poison.
Your flesh is cold resistant. (rC+)
You are immune to negative energy. (rN+++)
You are immune to unholy pain and torment.
You can survive without breathing.


Message History

You don't have enough magic to cast that spell.
The giant cockroach bites you.
Casting: Magic Dart (safe; 6% risk of failure)
Confirm with . or Enter, or press ? or * to list all spells.
You don't have enough magic to cast that spell.
Found 18 gold pieces.
You hit the giant cockroach but do no damage.
The giant cockroach misses you.
Casting: Magic Dart (safe; 6% risk of failure)
Confirm with . or Enter, or press ? or * to list all spells.
Aiming: Magic Dart (safe; 6% risk of failure)
Press: ? - help, Shift-Dir - straight line, f - giant cockroach
Aim: a giant cockroach The magic dart hits the giant cockroach.
The giant cockroach is almost dead.
The giant cockroach barely misses you. The giant cockroach bites you.
* * * LOW HITPOINT WARNING * * *
You hit the giant cockroach but do no damage.
The giant cockroach is almost dead.
The giant cockroach barely misses you.
You open the door. The giant cockroach bites you.
* * * LOW HITPOINT WARNING * * *
Casting: Magic Dart (safe; 6% risk of failure)
Confirm with . or Enter, or press ? or * to list all spells.
You don't have enough magic to cast that spell.
You hit the giant cockroach but do no damage.
The giant cockroach is almost dead.
The giant cockroach closely misses you. The giant cockroach misses you.
There is an open door here.
Casting: Magic Dart (safe; 6% risk of failure)
Confirm with . or Enter, or press ? or * to list all spells.
You don't have enough magic to cast that spell.
You closely miss the giant cockroach.
The giant cockroach is almost dead.
The giant cockroach barely misses you. The kobold hits you with a whip.
* * * LOW HITPOINT WARNING * * *
The giant cockroach closely misses you.
The giant cockroach bites you but does no damage.
A frilled lizard comes into view.
The frilled lizard hisses angrily.
The giant cockroach closely misses you.
Casting: Magic Dart (safe; 6% risk of failure)
Confirm with . or Enter, or press ? or * to list all spells.
Aiming: Magic Dart (safe; 6% risk of failure)
Press: ? - help, Shift-Dir - straight line, f/p - giant cockroach
Aim: a giant cockroach (severely wounded, clinging)
The magic dart hits the giant cockroach.
You kill the giant cockroach!
Your Spellcasting skill increases to level 3!
The frilled lizard bites you but does no damage.
The frilled lizard bites you but does no damage.
The kobold closely misses you.
A frilled lizard and a kobold come into view.
Found a fuming golden potion and a spear.
A rat comes into view.
The kobold throws a stone.
The stone misses you.
An ooze comes into view.
You see here a stone.
The ooze quivers.
The frilled lizard hisses angrily.
The rat bites you.
You die...

.# ##.## # .l.. ..
####)####...
#######..........
#.#............... .
#.........#r..##....
!.....K..lK.@.J.....
.#.#.#.#####.##....
#$.## .# . #...# .#
......#.# .#
..#####.###..
##.....###
#+.......'#
##.........##


You could see an ooze, 2 kobolds, 2 frilled lizards and a rat.

Vanquished Creatures
  A giant cockroach (D:1)
  A hobgoblin (D:1)
2 creatures vanquished.

Notes
Turn   | Place    | Note
-------+----------+-------------------------------------------
     0 | D:1      | Amnesiac the Mummy Conjurer began the quest for the Orb.
     0 | D:1      | Reached XP level 1. HP: 13/13 MP: 4/4
    44 | D:1      | Slain by a rat

Vault maps used:
D:1:      lemuel_arrival_rhombus

Skill      XL: |  1 |
---------------+----+-----
Spellcasting   | 3 |  3.0
Dodging        | |  1.5
Stealth        | |  1.5
Conjurations   | |  3.2

Action                   || total
-------------------------++-------
Melee: Unarmed           ||     4
 Cast: Magic Dart        ||     6
Armor: Robe              ||     3
Dodge: Dodged            ||    11

Table legend:
 A = Non-vault XP
 B = Vault XP
 C = Vault XP percentage of total XP
 D = Non-vault monster count
 E = Vault monster count
 F = Vault count percentage of total count
 G = Total turns spent on level
                 A         B        C        D         E       F
            +---------+---------+-------+---------+---------+-------
      Total |       4 |       0 |   0.0 |       2 |       0 |   0.0
            +---------+---------+-------+---------+---------+-------
        D:1 |       4 |       0 |   0.0 |       2 |       0 |   0.0
            +---------+---------+-------+---------+---------+-------
